Detroit Red Wings vs Toronto Maple Leafs
Created - Monday, February 9, 2026 at 08:36
Goals
|
| Detroit Red Wings |
0 |
1 |
0 |
1 |
| Toronto Maple Leafs |
2 |
1 |
0 |
3 |
|
Shots
|
| Detroit Red Wings |
11 |
11 |
11 |
33 |
| Toronto Maple Leafs |
11 |
10 |
6 |
27 |
|
1st period
1. Toronto Maple Leafs , Wyatt Johnston 4 (Ryan Pulock 10) at 1:51 (PP)
2. Toronto Maple Leafs , Mackie Samoskevich 4 (Nicolas Roy 6) at 19:52
Penalties :
Ryan Graves (DET) for Hooking (Minor) at 1:08
2nd period
3. Detroit Red Wings , Collin Graf 9 (Cutter Gauthier 12, Jackson LaCombe 5) at 1:53
4. Toronto Maple Leafs , Warren Foegele 8 (Sam Bennett 13, Quinton Byfield 10) at 6:16
Penalties :
Dmitry Orlov (DET) for Interference (Minor) at 6:40
3rd period
No Goal
Penalties :
Cody Ceci (TOR) for Slashing (Minor) at 6:34, Ryan Graves (DET) for High sticking (Minor) at 14:39
Goalie Stats
Laurent Brossoit (DET), 24 saves from 27 shots - (0.889), L, 0-6-0, 60:00 minutes
Matt Murray (TOR), 32 saves from 33 shots - (0.970), W, 3-2-2, 60:00 minutes
Players Stats for Detroit Red Wings
Player Name G A P +/- PIM S H SB GA TA FO MP PP MP PK MP
------------------------------------------------------------------------------------
Arthur Kaliyev 0 0 0 -2 0 1 1 2 0 0 1/3 15:54 0:56 0:00
Brad Lambert 0 0 0 0 0 0 0 1 1 0 1/5 9:21 0:04 0:40
Cole Sillinger 0 0 0 -2 0 5 0 0 0 0 10/19 18:14 0:56 2:27
Collin Graf 1 0 1 1 0 5 1 0 0 1 1/2 20:53 1:02 1:16
Conor Timmins 0 0 0 0 0 2 3 0 0 2 0/0 16:37 0:17 1:17
Cutter Gauthier 0 1 1 1 0 5 3 1 1 1 6/18 19:37 1:02 0:00
Dmitry Orlov 0 0 0 0 2 0 2 0 0 1 0/0 21:36 0:52 1:33
Fraser Minten 0 0 0 1 0 0 1 0 0 0 0/0 19:37 1:00 0:00
Jackson LaCombe 0 1 1 0 0 3 0 0 0 0 0/0 26:32 0:52 2:56
Jamie Drysdale 0 0 0 -1 0 1 0 1 1 1 0/0 20:54 0:50 0:58
Kasperi Kapanen 0 0 0 0 0 2 0 0 0 1 0/0 11:25 0:00 0:00
Kevin Stenlund 0 0 0 0 0 2 1 1 0 2 7/10 13:11 0:00 1:46
Nate Danielson 0 0 0 0 0 1 1 0 0 0 0/0 8:10 0:01 0:00
Ryan Graves 0 0 0 0 4 0 1 0 0 0 0/0 15:37 0:00 0:36
Shayne Gostisbehere 0 0 0 -1 0 3 0 1 0 1 0/0 19:22 1:07 2:02
Tanner Pearson 0 0 0 0 0 2 2 1 4 0 0/0 11:25 0:00 0:00
Vasili Podkolzin 0 0 0 0 0 0 2 0 0 0 0/0 8:17 0:00 0:46
Zachary L'Heureux 0 0 0 -2 0 1 3 0 0 0 0/2 18:34 0:56 2:27
Players Stats for Toronto Maple Leafs
Player Name G A P +/- PIM S H SB GA TA FO MP PP MP PK MP
------------------------------------------------------------------------------------
Aaron Ekblad 0 0 0 1 0 0 2 1 0 1 0/0 21:21 2:58 0:41
Bowen Byram 0 0 0 1 0 1 1 2 2 2 0/0 22:05 3:11 1:04
Brady Tkachuk 0 0 0 0 0 3 2 0 0 2 0/0 16:13 2:11 0:00
Brandon Saad 0 0 0 0 0 3 1 0 1 0 0/0 14:11 0:48 0:00
Cody Ceci 0 0 0 0 2 0 1 0 0 0 0/0 16:21 0:39 0:00
Eric Robinson 0 0 0 1 0 1 4 0 0 0 2/3 9:54 0:48 0:00
Mackie Samoskevich 1 0 1 1 0 3 0 0 1 0 0/0 9:08 0:08 0:00
Mario Ferraro 0 0 0 0 0 0 3 1 0 0 0/0 20:10 0:00 0:41
Nicolas Roy 0 1 1 1 0 1 0 1 0 0 5/8 10:09 0:23 1:01
Quinton Byfield 0 1 1 0 0 2 1 0 2 0 0/0 18:33 1:34 0:00
Ryan Hartman 0 0 0 0 0 2 1 0 0 0 2/2 14:34 0:35 0:00
Ryan Pulock 0 1 1 0 0 0 0 0 0 0 0/0 22:12 0:51 1:18
Sam Bennett 0 1 1 0 0 3 0 1 1 0 10/17 18:31 1:34 0:00
Sam Malinski 0 0 0 0 0 0 1 0 0 2 0/0 17:58 1:43 0:14
Scott Laughton 0 0 0 0 0 0 0 0 1 0 4/13 14:01 0:08 0:58
Troy Terry 0 0 0 0 0 4 1 2 0 0 0/0 15:40 2:11 0:00
Warren Foegele 1 0 1 0 0 3 0 1 1 0 1/1 19:46 1:34 0:58
Wyatt Johnston 1 0 1 0 0 1 1 1 1 0 9/15 17:13 2:09 1:01
3 Stars
1 - Matt Murray (TOR)
2 - Mackie Samoskevich (TOR)
3 - Wyatt Johnston (TOR)
Power Play
Detroit Red Wings - 0 on 1 Attempt(s) - 0.00%
Toronto Maple Leafs - 1 on 3 Attempt(s) - 33.33%
Penalty Kill
Detroit Red Wings - 2 on 3 Attempt(s) - 66.67%
- Score 0 goal in Penalty Kill
Toronto Maple Leafs - 1 on 1 Attempt(s) - 100.00%
- Score 0 goal in Penalty Kill
Team Stat
Detroit Red Wings - Hits : 21 - Faceoff Wins : 26 - Blocked Shots : 8 - Penalty Minutes : 6
Toronto Maple Leafs - Hits : 19 - Faceoff Wins : 33 - Blocked Shots : 10 - Penalty Minutes : 2
Official
Referees : Jordan Samuels and Justin Kea
Linesman : Trent Knorr and Bevan Mills
Game Notes
No Game Note
Finance
Level 1 -- Attendance: 5652 (94.20%) -- Ticket Income $531,288
Level 2 -- Attendance: 5000 (100.00%) -- Ticket Income $270,000
Level 3 -- Attendance: 2758 (91.93%) -- Ticket Income $91,014
Level 4 -- Attendance: 4975 (99.50%) -- Ticket Income $104,475
Luxury Box -- Attendance: 752 (75.20%) -- Ticket Income $145,136
Game was played at the Air Canada Centre.
Total Attendance: 19137 (95.69%)
Total Ticket Income: $1,141,913
Other Income: $399,670
Total Income: $1,541,583
Detroit Red Wings
5 vs 5 Forward
Center Left Wing Right Wing Time % Phy DF OF
1 Cutter Gauthier Fraser Minten Collin Graf 35 1 1 3
2 Cole Sillinger Zachary L'Heureux Arthur Kaliyev 35 1 1 3
3 Kevin Stenlund Kasperi Kapanen Tanner Pearson 20 1 2 2
4 Brad Lambert Nate Danielson Vasili Podkolzin 10 2 2 1
5 vs 5 Defense
Defense Defense Time % Phy DF OF
1 Jackson LaCombe Dmitry Orlov 40 1 2 2
2 Shayne Gostisbehere Jamie Drysdale 30 1 2 2
3 Conor Timmins Ryan Graves 20 2 2 1
4 Jamie Drysdale Jackson LaCombe 10 1 2 2
PowerPlay Forward
Center Left Wing Right Wing Time % Phy DF OF
1 Cutter Gauthier Fraser Minten Collin Graf 50 1 1 3
2 Cole Sillinger Zachary L'Heureux Arthur Kaliyev 50 0 1 3
PowerPlay Defense
Defense Defense Time % Phy DF OF
1 Jackson LaCombe Dmitry Orlov 50 1 2 2
2 Shayne Gostisbehere Jamie Drysdale 50 1 2 2
Penalty Kill 4 Players Forward
Center Wing Time % Phy DF OF
1 Kevin Stenlund Collin Graf 50 2 2 1
2 Cole Sillinger Zachary L'Heureux 50 2 2 1
Penalty Kill 4 Players Defense
Defense Defense Time % Phy DF OF
1 Jackson LaCombe Dmitry Orlov 50 1 2 2
2 Conor Timmins Ryan Graves 50 1 2 2
Penalty Kill - 3 Players Forward
Forward Time % Phy DF OF
1 Kevin Stenlund 50 1 2 2
2 Cole Sillinger 50 1 2 2
Penalty Kill - 3 Players Defense
Defense Defense Time % Phy DF OF
1 Jackson LaCombe Dmitry Orlov 50 1 2 2
2 Conor Timmins Ryan Graves 50 2 2 1
4 vs 4 Forward
Center Wing Time % Phy DF OF
1 Cutter Gauthier Collin Graf 60 1 2 2
2 Cole Sillinger Zachary L'Heureux 40 1 1 3
4 vs 4 Defense
Defense Defense Time % Phy DF OF
1 Jackson LaCombe Dmitry Orlov 60 1 2 2
2 Shayne Gostisbehere Jamie Drysdale 40 1 2 2
Last Minutes Offensive
Center Left Wing Right Wing Defense Defense
Cole Sillinger Cutter Gauthier Collin Graf Jackson LaCombe Dmitry Orlov
Last Minutes Defensive
Center Left Wing Right Wing Defense Defense
Cole Sillinger Cutter Gauthier Collin Graf Jackson LaCombe Dmitry Orlov
Goaltenders
Starting : Laurent Brossoit
Backup : Sergei Bobrovsky
Extra Forwards
Normal : Brad Lambert, Nate Danielson, Tanner Pearson - PP : Brad Lambert, Nate Danielson - PK : Brad Lambert
Extra Defensemen
Normal : Shayne Gostisbehere, Jamie Drysdale, Jackson LaCombe - PP : Shayne Gostisbehere - PK : Shayne Gostisbehere, Jamie Drysdale
Penalty Shots
Cutter Gauthier, Collin Graf, Cole Sillinger, Nate Danielson, Brad Lambert
Scratches
Jayden Struble (Healthy), Christian Fischer (Healthy), Vitek Vanecek (Healthy)
Toronto Maple Leafs
5 vs 5 Forward
Center Left Wing Right Wing Time % Phy DF OF
1 Wyatt Johnston Brady Tkachuk Troy Terry 30 1 2 2
2 Sam Bennett Quinton Byfield Warren Foegele 30 1 2 2
3 Scott Laughton Brandon Saad Ryan Hartman 25 1 2 2
4 Nicolas Roy Eric Robinson Mackie Samoskevich 15 1 3 1
5 vs 5 Defense
Defense Defense Time % Phy DF OF
1 Ryan Pulock Mario Ferraro 35 1 2 2
2 Aaron Ekblad Bowen Byram 35 1 2 2
3 Cody Ceci Sam Malinski 30 1 2 2
4 Ryan Pulock Mario Ferraro 0 1 2 2
PowerPlay Forward
Center Left Wing Right Wing Time % Phy DF OF
1 Wyatt Johnston Brady Tkachuk Troy Terry 50 1 2 2
2 Sam Bennett Quinton Byfield Warren Foegele 50 1 2 2
PowerPlay Defense
Defense Defense Time % Phy DF OF
1 Aaron Ekblad Bowen Byram 50 1 2 2
2 Ryan Pulock Sam Malinski 50 1 2 2
Penalty Kill 4 Players Forward
Center Wing Time % Phy DF OF
1 Scott Laughton Warren Foegele 50 1 2 2
2 Wyatt Johnston Nicolas Roy 50 1 2 2
Penalty Kill 4 Players Defense
Defense Defense Time % Phy DF OF
1 Mario Ferraro Aaron Ekblad 50 1 2 2
2 Ryan Pulock Cody Ceci 50 1 2 2
Penalty Kill - 3 Players Forward
Forward Time % Phy DF OF
1 Scott Laughton 50 1 2 2
2 Wyatt Johnston 50 1 2 2
Penalty Kill - 3 Players Defense
Defense Defense Time % Phy DF OF
1 Mario Ferraro Aaron Ekblad 50 1 2 2
2 Ryan Pulock Cody Ceci 50 1 2 2
4 vs 4 Forward
Center Wing Time % Phy DF OF
1 Wyatt Johnston Brady Tkachuk 50 1 2 2
2 Sam Bennett Quinton Byfield 50 1 2 2
4 vs 4 Defense
Defense Defense Time % Phy DF OF
1 Aaron Ekblad Bowen Byram 50 1 2 2
2 Ryan Pulock Mario Ferraro 50 1 2 2
Last Minutes Offensive
Center Left Wing Right Wing Defense Defense
Wyatt Johnston Brady Tkachuk Troy Terry Aaron Ekblad Bowen Byram
Last Minutes Defensive
Center Left Wing Right Wing Defense Defense
Wyatt Johnston Scott Laughton Warren Foegele Ryan Pulock Mario Ferraro
Goaltenders
Starting : Matt Murray
Backup : Frederik Andersen
Extra Forwards
Normal : Ryan Hartman, Eric Robinson, Mackie Samoskevich - PP : Brandon Saad, Ryan Hartman - PK : Sam Bennett
Extra Defensemen
Normal : Sam Malinski, Cody Ceci, Bowen Byram - PP : Mario Ferraro - PK : Bowen Byram, Sam Malinski
Penalty Shots
Troy Terry, Quinton Byfield, Wyatt Johnston, Nicolas Roy, Brady Tkachuk
Scratches
Nick Bjugstad (Healthy), Brendan Brisson (Healthy), Lucas Carlsson (Healthy), Lassi Thomson (Healthy), Joonas Korpisalo (Healthy)
% Time on Ice - Detroit Red Wings
Lines # - Real PCT - Wanted PCT - Time Play
Normal Forward
1 - 35% - 35% - 18:37
2 - 30% - 35% - 15:47
3 - 21% - 20% - 11:25
4 - 14% - 10% - 7:31
Normal Defense
1 - 35% - 40% - 18:52
2 - 31% - 30% - 16:29
3 - 28% - 20% - 14:47
4 - 6% - 10% - 3:12
PP Forward
1 - 53% - 50% - 1:03
2 - 47% - 50% - 0:56
PP Defense
1 - 44% - 50% - 0:52
2 - 56% - 50% - 1:07
PK Forward
1 - 38% - 50% - 1:46
2 - 62% - 50% - 2:55
PK Defense
1 - 63% - 50% - 2:56
2 - 37% - 50% - 1:45
PK3 Forward
1 - 0% - 50%
2 - 0% - 50%
PK3 Defense
1 - 0% - 50%
2 - 0% - 50%
44 Forward
1 - 0% - 60%
2 - 0% - 40%
44 Defense
1 - 0% - 60%
2 - 0% - 40%
Last Minute Offensive - 0:00
Last Minute Defensive - 0:00
Total
Forward - 60:00
Defense - 60:00
|
% Time on Ice - Toronto Maple Leafs
Lines # - Real PCT - Wanted PCT - Time Play
Normal Forward
1 - 26% - 30% - 14:01
2 - 34% - 30% - 18:23
3 - 24% - 25% - 12:48
4 - 15% - 15% - 8:08
Normal Defense
1 - 37% - 35% - 19:29
2 - 34% - 35% - 18:16
3 - 29% - 30% - 15:35
4 - 0% - 0% - 0:00
PP Forward
1 - 67% - 50% - 3:07
2 - 33% - 50% - 1:34
PP Defense
1 - 63% - 50% - 2:58
2 - 37% - 50% - 1:43
PK Forward
1 - 49% - 50% - 0:58
2 - 51% - 50% - 1:01
PK Defense
1 - 34% - 50% - 0:41
2 - 66% - 50% - 1:18
PK3 Forward
1 - 0% - 50%
2 - 0% - 50%
PK3 Defense
1 - 0% - 50%
2 - 0% - 50%
44 Forward
1 - 0% - 50%
2 - 0% - 50%
44 Defense
1 - 0% - 50%
2 - 0% - 50%
Last Minute Offensive - 0:00
Last Minute Defensive - 0:00
Total
Forward - 60:00
Defense - 60:00
|
Play-by-Play
1st period
0:01 of 1st period - Wyatt Johnston wins face-off versus Cutter Gauthier in neutral zone.
0:31 of 1st period - Jackson LaCombe is hit by Mario Ferraro and loses puck.
0:53 of 1st period - Wrist shot by Sam Bennett.
0:53 of 1st period - Deflect By Warren Foegele.
0:53 of 1st period - Shot Misses the Net.
0:53 of 1st period - Puck is out of play.
0:54 of 1st period - Sam Bennett wins face-off versus Brad Lambert in Detroit Red Wings zone.
1:08 of 1st period - Minor Penalty to Ryan Graves for Hooking.
1:09 of 1st period - Wyatt Johnston wins face-off versus Kevin Stenlund in Detroit Red Wings zone.
1:21 of 1st period - Wrist shot by Brady Tkachuk.
1:21 of 1st period - Shot Blocked by Kevin Stenlund.
1:23 of 1st period - Slapshot by Bowen Byram.
1:23 of 1st period - Stopped by Laurent Brossoit without a rebound.
1:24 of 1st period - Cole Sillinger wins face-off versus Sam Bennett in Detroit Red Wings zone.
1:51 of 1st period - Snap shot by Wyatt Johnston.
1:51 of 1st period - Goal by Wyatt Johnston - Detroit Red Wings : 0 - Toronto Maple Leafs : 1.
1:52 of 1st period - Cole Sillinger wins face-off versus Scott Laughton in neutral zone.
2:21 of 1st period - Slapshot by Collin Graf.
2:21 of 1st period - Stopped by Matt Murray without a rebound.
2:22 of 1st period - Eric Robinson wins face-off versus Cutter Gauthier in Toronto Maple Leafs zone.
2:53 of 1st period - Snap shot by Zachary L'Heureux.
2:53 of 1st period - Shot Misses the Net.
3:09 of 1st period - Wrist shot by Kasperi Kapanen.
3:09 of 1st period - Stopped by Matt Murray with a rebound.
3:17 of 1st period - Scott Laughton is hit by Conor Timmins and loses puck.
4:11 of 1st period - Icing by Ryan Graves.
4:12 of 1st period - Nicolas Roy wins face-off versus Cutter Gauthier in Detroit Red Wings zone.
4:29 of 1st period - Wrist shot by Cutter Gauthier.
4:29 of 1st period - Deflect By Collin Graf.
4:29 of 1st period - Shot Misses the Net.
4:29 of 1st period - Puck is out of play.
4:30 of 1st period - Cole Sillinger wins face-off versus Sam Bennett in Toronto Maple Leafs zone.
4:34 of 1st period - Icing by Bowen Byram.
4:35 of 1st period - Sam Bennett wins face-off versus Cole Sillinger in Toronto Maple Leafs zone.
4:35 of 1st period - Sam Bennett is hit by Dmitry Orlov.
4:43 of 1st period - Wrist shot by Sam Bennett.
4:43 of 1st period - Stopped by Laurent Brossoit without a rebound.
4:44 of 1st period - Cole Sillinger wins face-off versus Wyatt Johnston in Detroit Red Wings zone.
4:44 of 1st period - Cole Sillinger is hit by Brady Tkachuk.
4:55 of 1st period - Snap shot by Brady Tkachuk.
4:55 of 1st period - Stopped by Laurent Brossoit with a rebound.
4:57 of 1st period - Wrist shot by Troy Terry.
4:57 of 1st period - Deflect By Brady Tkachuk.
4:57 of 1st period - Shot Misses the Net.
4:57 of 1st period - Puck is out of play.
4:58 of 1st period - Kevin Stenlund wins face-off versus Sam Bennett in Detroit Red Wings zone.
5:07 of 1st period - Cody Ceci is hit by Tanner Pearson and loses puck.
5:24 of 1st period - Scott Laughton is hit by Zachary L'Heureux and loses puck.
5:45 of 1st period - Snap shot by Cutter Gauthier.
5:45 of 1st period - Stopped by Matt Murray without a rebound.
5:46 of 1st period - Cutter Gauthier wins face-off versus Wyatt Johnston in Toronto Maple Leafs zone.
5:51 of 1st period - Slapshot by Cutter Gauthier.
5:51 of 1st period - Stopped by Matt Murray without a rebound.
5:52 of 1st period - Nicolas Roy wins face-off versus Zachary L'Heureux in Toronto Maple Leafs zone.
6:02 of 1st period - Icing by Ryan Pulock.
6:03 of 1st period - Cutter Gauthier wins face-off versus Nicolas Roy in Toronto Maple Leafs zone.
6:29 of 1st period - Arthur Kaliyev is hit by Mario Ferraro and loses puck.
6:52 of 1st period - Aaron Ekblad is hit by Vasili Podkolzin and loses puck.
7:21 of 1st period - Shayne Gostisbehere is hit by Brandon Saad and loses puck.
8:02 of 1st period - Wrist shot by Mackie Samoskevich.
8:02 of 1st period - Stopped by Laurent Brossoit without a rebound.
8:03 of 1st period - Kevin Stenlund wins face-off versus Eric Robinson in Detroit Red Wings zone.
8:32 of 1st period - Wrist shot by Cutter Gauthier.
8:32 of 1st period - Shot Misses the Net.
8:34 of 1st period - Snap shot by Collin Graf.
8:34 of 1st period - Stopped by Matt Murray with a rebound.
8:36 of 1st period - Snap shot by Conor Timmins.
8:36 of 1st period - Stopped by Matt Murray with a rebound.
8:38 of 1st period - Slapshot by Collin Graf.
8:38 of 1st period - Shot Misses the Net.
8:58 of 1st period - Slapshot by Brandon Saad.
8:58 of 1st period - Stopped by Laurent Brossoit with a rebound.
9:55 of 1st period - Mario Ferraro is hit by Cutter Gauthier.
10:01 of 1st period - Wrist shot by Nicolas Roy.
10:01 of 1st period - Shot Misses the Net.
10:03 of 1st period - Wrist shot by Mario Ferraro.
10:03 of 1st period - Deflect By Mackie Samoskevich.
10:03 of 1st period - Shot Misses the Net.
10:03 of 1st period - Puck is out of play.
10:04 of 1st period - Cole Sillinger wins face-off versus Wyatt Johnston in Detroit Red Wings zone.
10:04 of 1st period - Cole Sillinger is hit by Troy Terry.
10:19 of 1st period - Snap shot by Troy Terry.
10:19 of 1st period - Shot Misses the Net.
11:56 of 1st period - Cutter Gauthier is hit by Aaron Ekblad and loses puck.
12:14 of 1st period - Off-side.
12:15 of 1st period - Kevin Stenlund wins face-off versus Scott Laughton in neutral zone.
12:48 of 1st period - Slapshot by Arthur Kaliyev.
12:48 of 1st period - Stopped by Matt Murray without a rebound.
12:49 of 1st period - Collin Graf wins face-off versus Sam Bennett in Toronto Maple Leafs zone.
13:07 of 1st period - Cody Ceci is hit by Fraser Minten and loses puck.
13:24 of 1st period - Slapshot by Wyatt Johnston.
13:24 of 1st period - Shot Misses the Net.
14:14 of 1st period - Wrist shot by Troy Terry.
14:14 of 1st period - Stopped by Laurent Brossoit without a rebound.
14:15 of 1st period - Scott Laughton wins face-off versus Cutter Gauthier in Detroit Red Wings zone.
15:04 of 1st period - Nicolas Roy is hit by Kevin Stenlund.
15:16 of 1st period - Jackson LaCombe is hit by Eric Robinson and loses puck.
15:33 of 1st period - Snap shot by Cutter Gauthier.
15:33 of 1st period - Stopped by Matt Murray with a rebound.
15:35 of 1st period - Slapshot by Collin Graf.
15:35 of 1st period - Shot Misses the Net.
16:09 of 1st period - Jamie Drysdale is hit by Wyatt Johnston and loses puck.
16:20 of 1st period - Arthur Kaliyev is hit by Bowen Byram and loses puck.
16:37 of 1st period - Snap shot by Cutter Gauthier.
16:37 of 1st period - Shot Blocked by Bowen Byram.
16:39 of 1st period - Wrist shot by Collin Graf.
16:39 of 1st period - Stopped by Matt Murray with a rebound.
16:57 of 1st period - Snap shot by Brandon Saad.
16:57 of 1st period - Stopped by Laurent Brossoit with a rebound.
17:09 of 1st period - Snap shot by Quinton Byfield.
17:09 of 1st period - Deflect By Sam Bennett.
17:09 of 1st period - Stopped by Laurent Brossoit with a rebound.
17:11 of 1st period - Wrist shot by Warren Foegele.
17:11 of 1st period - Deflect By Quinton Byfield.
17:11 of 1st period - Stopped by Laurent Brossoit without a rebound.
17:12 of 1st period - Sam Bennett wins face-off versus Brad Lambert in Detroit Red Wings zone.
17:46 of 1st period - Snap shot by Cole Sillinger.
17:46 of 1st period - Stopped by Matt Murray with a rebound.
17:48 of 1st period - Slapshot by Zachary L'Heureux.
17:48 of 1st period - Shot Misses the Net.
18:08 of 1st period - Wrist shot by Cutter Gauthier.
18:08 of 1st period - Stopped by Matt Murray with a rebound.
19:52 of 1st period - Wrist shot by Mackie Samoskevich.
19:52 of 1st period - Goal by Mackie Samoskevich - Detroit Red Wings : 0 - Toronto Maple Leafs : 2.
19:53 of 1st period - Sam Bennett wins face-off versus Cole Sillinger in neutral zone.
Goals for this period are 0 for Detroit Red Wings vs 2 for Toronto Maple Leafs.
Shots for this period are 11 for Detroit Red Wings vs 11 for Toronto Maple Leafs.
2nd period
0:01 of 2nd period - Sam Bennett wins face-off versus Cutter Gauthier in neutral zone.
0:58 of 2nd period - Snap shot by Cole Sillinger.
0:58 of 2nd period - Stopped by Matt Murray without a rebound.
0:59 of 2nd period - Scott Laughton wins face-off versus Collin Graf in Toronto Maple Leafs zone.
1:23 of 2nd period - Icing by Cole Sillinger.
1:24 of 2nd period - Wyatt Johnston wins face-off versus Arthur Kaliyev in Detroit Red Wings zone.
1:27 of 2nd period - Slapshot by Troy Terry.
1:27 of 2nd period - Shot Misses the Net.
1:29 of 2nd period - Wrist shot by Brady Tkachuk.
1:29 of 2nd period - Deflect By Troy Terry.
1:29 of 2nd period - Stopped by Laurent Brossoit with a rebound.
1:53 of 2nd period - Wrist shot by Collin Graf.
1:53 of 2nd period - Goal by Collin Graf - Detroit Red Wings : 1 - Toronto Maple Leafs : 2.
1:54 of 2nd period - Cutter Gauthier wins face-off versus Scott Laughton in neutral zone.
2:44 of 2nd period - Wrist shot by Brady Tkachuk.
2:44 of 2nd period - Shot Misses the Net.
2:46 of 2nd period - Slapshot by Troy Terry.
2:46 of 2nd period - Stopped by Laurent Brossoit with a rebound.
3:26 of 2nd period - Snap shot by Eric Robinson.
3:26 of 2nd period - Stopped by Laurent Brossoit with a rebound.
4:38 of 2nd period - Wrist shot by Tanner Pearson.
4:38 of 2nd period - Stopped by Matt Murray without a rebound.
4:39 of 2nd period - Kevin Stenlund wins face-off versus Nicolas Roy in Toronto Maple Leafs zone.
5:08 of 2nd period - Slapshot by Sam Bennett.
5:08 of 2nd period - Stopped by Laurent Brossoit with a rebound.
5:48 of 2nd period - Icing by Brandon Saad.
5:49 of 2nd period - Scott Laughton wins face-off versus Brad Lambert in Toronto Maple Leafs zone.
5:49 of 2nd period - Scott Laughton is hit by Vasili Podkolzin.
6:02 of 2nd period - Off-side.
6:03 of 2nd period - Cole Sillinger wins face-off versus Sam Bennett in neutral zone.
6:10 of 2nd period - Wrist shot by Sam Bennett.
6:10 of 2nd period - Shot Misses the Net.
6:12 of 2nd period - Slapshot by Warren Foegele.
6:12 of 2nd period - Stopped by Laurent Brossoit with a rebound.
6:14 of 2nd period - Snap shot by Warren Foegele.
6:14 of 2nd period - Shot Blocked by Arthur Kaliyev.
6:16 of 2nd period - Slapshot by Warren Foegele.
6:16 of 2nd period - Goal by Warren Foegele - Detroit Red Wings : 1 - Toronto Maple Leafs : 3.
6:17 of 2nd period - Wyatt Johnston wins face-off versus Cutter Gauthier in neutral zone.
6:40 of 2nd period - Minor Penalty to Dmitry Orlov for Interference.
6:41 of 2nd period - Sam Bennett wins face-off versus Cole Sillinger in Detroit Red Wings zone.
6:42 of 2nd period - Wrist shot by Quinton Byfield.
6:42 of 2nd period - Shot Misses the Net.
6:44 of 2nd period - Wrist shot by Warren Foegele.
6:44 of 2nd period - Stopped by Laurent Brossoit with a rebound.
6:46 of 2nd period - Slapshot by Aaron Ekblad.
6:46 of 2nd period - Deflect By Warren Foegele.
6:46 of 2nd period - Deflect By Jackson LaCombe.
6:46 of 2nd period - Shot Blocked by Shayne Gostisbehere.
6:46 of 2nd period - Puck is out of play.
6:47 of 2nd period - Cole Sillinger wins face-off versus Sam Bennett in Detroit Red Wings zone.
7:22 of 2nd period - Shayne Gostisbehere is hit by Aaron Ekblad and loses puck.
8:01 of 2nd period - Collin Graf is hit by Brady Tkachuk.
8:40 of 2nd period - Penalty to Dmitry Orlov is over, Dmitry Orlov is back on ice.
8:50 of 2nd period - Zachary L'Heureux is hit by Eric Robinson and loses puck.
8:57 of 2nd period - Ryan Pulock is hit by Zachary L'Heureux and loses puck.
9:04 of 2nd period - Snap shot by Zachary L'Heureux.
9:04 of 2nd period - Deflect By Ryan Hartman.
9:04 of 2nd period - Shot Misses the Net.
9:04 of 2nd period - Puck is out of play.
9:05 of 2nd period - Nicolas Roy wins face-off versus Cutter Gauthier in Toronto Maple Leafs zone.
9:14 of 2nd period - Wrist shot by Mackie Samoskevich.
9:14 of 2nd period - Shot Misses the Net.
9:26 of 2nd period - Ryan Hartman is hit by Conor Timmins and loses puck.
9:42 of 2nd period - Off-side.
9:43 of 2nd period - Wyatt Johnston wins face-off versus Brad Lambert in neutral zone.
9:48 of 2nd period - Slapshot by Wyatt Johnston.
9:48 of 2nd period - Shot Blocked by Brad Lambert.
10:09 of 2nd period - Jackson LaCombe is hit by Quinton Byfield.
10:37 of 2nd period - Slapshot by Cutter Gauthier.
10:37 of 2nd period - Stopped by Matt Murray with a rebound.
10:39 of 2nd period - Slapshot by Jackson LaCombe.
10:39 of 2nd period - Stopped by Matt Murray without a rebound.
10:40 of 2nd period - Arthur Kaliyev wins face-off versus Scott Laughton in Toronto Maple Leafs zone.
10:41 of 2nd period - Wrist shot by Cole Sillinger.
10:41 of 2nd period - Stopped by Matt Murray without a rebound.
10:42 of 2nd period - Cole Sillinger wins face-off versus Scott Laughton in Toronto Maple Leafs zone.
10:55 of 2nd period - Snap shot by Arthur Kaliyev.
10:55 of 2nd period - Shot Blocked by Mario Ferraro.
11:07 of 2nd period - Mario Ferraro is hit by Cutter Gauthier and loses puck.
12:13 of 2nd period - Wrist shot by Cutter Gauthier.
12:13 of 2nd period - Shot Misses the Net.
12:40 of 2nd period - Off-side.
12:41 of 2nd period - Cole Sillinger wins face-off versus Wyatt Johnston in neutral zone.
12:46 of 2nd period - Brady Tkachuk is hit by Zachary L'Heureux and loses puck.
12:51 of 2nd period - Snap shot by Cole Sillinger.
12:51 of 2nd period - Shot Blocked by Aaron Ekblad.
12:53 of 2nd period - Wrist shot by Dmitry Orlov.
12:53 of 2nd period - Shot Blocked by Troy Terry.
12:55 of 2nd period - Snap shot by Jackson LaCombe.
12:55 of 2nd period - Shot Blocked by Bowen Byram.
12:57 of 2nd period - Slapshot by Jackson LaCombe.
12:57 of 2nd period - Deflect By Wyatt Johnston.
12:57 of 2nd period - Stopped by Matt Murray without a rebound.
12:58 of 2nd period - Warren Foegele wins face-off versus Cutter Gauthier in Toronto Maple Leafs zone.
12:58 of 2nd period - Warren Foegele is hit by Collin Graf.
13:06 of 2nd period - Slapshot by Bowen Byram.
13:06 of 2nd period - Shot Blocked by Cutter Gauthier.
13:22 of 2nd period - Icing by Bowen Byram.
13:23 of 2nd period - Sam Bennett wins face-off versus Zachary L'Heureux in Toronto Maple Leafs zone.
13:58 of 2nd period - Snap shot by Ryan Hartman.
13:58 of 2nd period - Stopped by Laurent Brossoit with a rebound.
15:22 of 2nd period - Snap shot by Collin Graf.
15:22 of 2nd period - Stopped by Matt Murray without a rebound.
15:23 of 2nd period - Sam Bennett wins face-off versus Cutter Gauthier in Toronto Maple Leafs zone.
15:46 of 2nd period - Icing by Cutter Gauthier.
15:47 of 2nd period - Wyatt Johnston wins face-off versus Arthur Kaliyev in Detroit Red Wings zone.
15:58 of 2nd period - Snap shot by Troy Terry.
15:58 of 2nd period - Shot Misses the Net.
16:00 of 2nd period - Slapshot by Sam Malinski.
16:00 of 2nd period - Shot Misses the Net.
16:02 of 2nd period - Snap shot by Troy Terry.
16:02 of 2nd period - Shot Misses the Net.
16:04 of 2nd period - Wrist shot by Wyatt Johnston.
16:04 of 2nd period - Shot Blocked by Arthur Kaliyev.
16:14 of 2nd period - Wrist shot by Quinton Byfield.
16:14 of 2nd period - Stopped by Laurent Brossoit with a rebound.
16:35 of 2nd period - Jackson LaCombe is hit by Ryan Hartman and loses puck.
16:56 of 2nd period - Slapshot by Jamie Drysdale.
16:56 of 2nd period - Stopped by Matt Murray with a rebound.
16:58 of 2nd period - Snap shot by Jamie Drysdale.
16:58 of 2nd period - Shot Misses the Net.
17:00 of 2nd period - Slapshot by Shayne Gostisbehere.
17:00 of 2nd period - Stopped by Matt Murray with a rebound.
17:04 of 2nd period - Slapshot by Vasili Podkolzin.
17:04 of 2nd period - Shot Misses the Net.
17:06 of 2nd period - Snap shot by Brad Lambert.
17:06 of 2nd period - Shot Misses the Net.
18:25 of 2nd period - Wrist shot by Troy Terry.
18:25 of 2nd period - Stopped by Laurent Brossoit with a rebound.
18:43 of 2nd period - Snap shot by Zachary L'Heureux.
18:43 of 2nd period - Shot Misses the Net.
18:45 of 2nd period - Slapshot by Conor Timmins.
18:45 of 2nd period - Stopped by Matt Murray with a rebound.
19:03 of 2nd period - Wrist shot by Scott Laughton.
19:03 of 2nd period - Shot Blocked by Jamie Drysdale.
Goals for this period are 1 for Detroit Red Wings vs 1 for Toronto Maple Leafs.
Shots for this period are 11 for Detroit Red Wings vs 10 for Toronto Maple Leafs.
3rd period
0:01 of 3rd period - Sam Bennett wins face-off versus Cole Sillinger in neutral zone.
0:10 of 3rd period - Slapshot by Jackson LaCombe.
0:10 of 3rd period - Stopped by Matt Murray with a rebound.
0:14 of 3rd period - Wrist shot by Cole Sillinger.
0:14 of 3rd period - Stopped by Matt Murray with a rebound.
0:16 of 3rd period - Snap shot by Cole Sillinger.
0:16 of 3rd period - Shot Misses the Net.
0:33 of 3rd period - Snap shot by Cutter Gauthier.
0:33 of 3rd period - Shot Blocked by Troy Terry.
0:35 of 3rd period - Slapshot by Conor Timmins.
0:35 of 3rd period - Deflect By Cutter Gauthier.
0:35 of 3rd period - Shot Blocked by Wyatt Johnston.
0:35 of 3rd period - Puck is out of play.
0:36 of 3rd period - Scott Laughton wins face-off versus Cole Sillinger in Toronto Maple Leafs zone.
0:40 of 3rd period - Off-side.
0:41 of 3rd period - Cole Sillinger wins face-off versus Scott Laughton in neutral zone.
1:53 of 3rd period - Jackson LaCombe is hit by Eric Robinson and loses puck.
2:03 of 3rd period - Icing by Shayne Gostisbehere.
2:04 of 3rd period - Brad Lambert wins face-off versus Scott Laughton in Detroit Red Wings zone.
2:06 of 3rd period - Icing by Shayne Gostisbehere.
2:07 of 3rd period - Ryan Hartman wins face-off versus Cole Sillinger in Detroit Red Wings zone.
2:22 of 3rd period - Wrist shot by Brandon Saad.
2:22 of 3rd period - Stopped by Laurent Brossoit with a rebound.
3:14 of 3rd period - Wrist shot by Shayne Gostisbehere.
3:14 of 3rd period - Shot Blocked by Nicolas Roy.
3:16 of 3rd period - Slapshot by Shayne Gostisbehere.
3:16 of 3rd period - Stopped by Matt Murray with a rebound.
3:44 of 3rd period - Cole Sillinger is hit by Mario Ferraro and loses puck.
3:57 of 3rd period - Snap shot by Troy Terry.
3:57 of 3rd period - Deflect By Brady Tkachuk.
3:57 of 3rd period - Stopped by Laurent Brossoit without a rebound.
3:58 of 3rd period - Cutter Gauthier wins face-off versus Wyatt Johnston in Detroit Red Wings zone.
4:25 of 3rd period - Sam Malinski is hit by Dmitry Orlov and loses puck.
4:47 of 3rd period - Wrist shot by Mackie Samoskevich.
4:47 of 3rd period - Shot Misses the Net.
4:49 of 3rd period - Snap shot by Nicolas Roy.
4:49 of 3rd period - Shot Blocked by Tanner Pearson.
4:51 of 3rd period - Slapshot by Sam Malinski.
4:51 of 3rd period - Deflect By Mackie Samoskevich.
4:51 of 3rd period - Shot Misses the Net.
4:51 of 3rd period - Puck is out of play.
4:52 of 3rd period - Nicolas Roy wins face-off versus Cutter Gauthier in Detroit Red Wings zone.
6:34 of 3rd period - Minor Penalty to Cody Ceci for Slashing.
6:35 of 3rd period - Cutter Gauthier wins face-off versus Scott Laughton in Toronto Maple Leafs zone.
7:31 of 3rd period - Aaron Ekblad is hit by Cutter Gauthier and loses puck.
8:34 of 3rd period - Penalty to Cody Ceci is over, Cody Ceci is back on ice.
8:39 of 3rd period - Wrist shot by Kasperi Kapanen.
8:39 of 3rd period - Shot Misses the Net.
8:41 of 3rd period - Snap shot by Kevin Stenlund.
8:41 of 3rd period - Stopped by Matt Murray without a rebound.
8:42 of 3rd period - Sam Bennett wins face-off versus Kevin Stenlund in Toronto Maple Leafs zone.
8:42 of 3rd period - Sam Bennett is hit by Ryan Graves.
9:14 of 3rd period - Icing by Kasperi Kapanen.
9:15 of 3rd period - Kevin Stenlund wins face-off versus Wyatt Johnston in Detroit Red Wings zone.
9:47 of 3rd period - Wrist shot by Kasperi Kapanen.
9:47 of 3rd period - Shot Misses the Net.
9:49 of 3rd period - Snap shot by Tanner Pearson.
9:49 of 3rd period - Stopped by Matt Murray without a rebound.
9:50 of 3rd period - Wyatt Johnston wins face-off versus Cole Sillinger in Toronto Maple Leafs zone.
9:50 of 3rd period - Wyatt Johnston is hit by Arthur Kaliyev.
10:00 of 3rd period - Wrist shot by Wyatt Johnston.
10:00 of 3rd period - Shot Misses the Net.
10:25 of 3rd period - Collin Graf is hit by Cody Ceci and loses puck.
12:04 of 3rd period - Arthur Kaliyev is hit by Eric Robinson and loses puck.
12:28 of 3rd period - Icing by Conor Timmins.
12:29 of 3rd period - Cutter Gauthier wins face-off versus Sam Bennett in Detroit Red Wings zone.
12:48 of 3rd period - Wrist shot by Collin Graf.
12:48 of 3rd period - Shot Blocked by Warren Foegele.
13:11 of 3rd period - Wrist shot by Cutter Gauthier.
13:11 of 3rd period - Shot Misses the Net.
13:19 of 3rd period - Slapshot by Cutter Gauthier.
13:19 of 3rd period - Shot Misses the Net.
13:44 of 3rd period - Sam Bennett is hit by Conor Timmins and loses puck.
13:57 of 3rd period - Snap shot by Collin Graf.
13:57 of 3rd period - Shot Misses the Net.
14:39 of 3rd period - Minor Penalty to Ryan Graves for High sticking.
14:40 of 3rd period - Wyatt Johnston wins face-off versus Cole Sillinger in Detroit Red Wings zone.
14:42 of 3rd period - Snap shot by Brady Tkachuk.
14:42 of 3rd period - Stopped by Laurent Brossoit without a rebound.
14:43 of 3rd period - Wyatt Johnston wins face-off versus Cole Sillinger in Detroit Red Wings zone.
16:37 of 3rd period - Jamie Drysdale is hit by Sam Malinski and loses puck.
16:39 of 3rd period - Penalty to Ryan Graves is over, Ryan Graves is back on ice.
16:50 of 3rd period - Backhand shot by Cole Sillinger.
16:50 of 3rd period - Stopped by Matt Murray with a rebound.
16:52 of 3rd period - Wrist shot by Cole Sillinger.
16:52 of 3rd period - Shot Misses the Net.
16:54 of 3rd period - Slapshot by Zachary L'Heureux.
16:54 of 3rd period - Stopped by Matt Murray without a rebound.
16:55 of 3rd period - Ryan Hartman wins face-off versus Kevin Stenlund in Toronto Maple Leafs zone.
16:55 of 3rd period - Ryan Hartman is hit by Tanner Pearson.
17:13 of 3rd period - Sam Malinski is hit by Nate Danielson and loses puck.
17:18 of 3rd period - Wrist shot by Shayne Gostisbehere.
17:18 of 3rd period - Deflect By Warren Foegele.
17:18 of 3rd period - Stopped by Matt Murray with a rebound.
17:20 of 3rd period - Snap shot by Nate Danielson.
17:20 of 3rd period - Stopped by Matt Murray with a rebound.
17:24 of 3rd period - Slapshot by Arthur Kaliyev.
17:24 of 3rd period - Shot Blocked by Sam Bennett.
18:54 of 3rd period - Snap shot by Tanner Pearson.
18:54 of 3rd period - Deflect By Kasperi Kapanen.
18:54 of 3rd period - Stopped by Matt Murray without a rebound.
18:55 of 3rd period - Kevin Stenlund wins face-off versus Nicolas Roy in Toronto Maple Leafs zone.
19:04 of 3rd period - Wrist shot by Kevin Stenlund.
19:04 of 3rd period - Stopped by Matt Murray without a rebound.
19:05 of 3rd period - Kevin Stenlund wins face-off versus Scott Laughton in Toronto Maple Leafs zone.
19:06 of 3rd period - Snap shot by Kasperi Kapanen.
19:06 of 3rd period - Shot Misses the Net.
19:16 of 3rd period - Slapshot by Bowen Byram.
19:16 of 3rd period - Shot Misses the Net.
19:18 of 3rd period - Snap shot by Ryan Hartman.
19:18 of 3rd period - Stopped by Laurent Brossoit without a rebound.
19:19 of 3rd period - Eric Robinson wins face-off versus Cutter Gauthier in Detroit Red Wings zone.
19:22 of 3rd period - Slapshot by Mackie Samoskevich.
19:22 of 3rd period - Stopped by Laurent Brossoit with a rebound.
19:24 of 3rd period - Wrist shot by Nicolas Roy.
19:24 of 3rd period - Stopped by Laurent Brossoit without a rebound.
19:25 of 3rd period - Nicolas Roy wins face-off versus Cutter Gauthier in Detroit Red Wings zone.
19:59 of 3rd period - Icing by Aaron Ekblad.
Goals for this period are 0 for Detroit Red Wings vs 0 for Toronto Maple Leafs.
Shots for this period are 11 for Detroit Red Wings vs 6 for Toronto Maple Leafs.
Back to the Top